cohdb
Replays
Latest Replays
All Replays
Popular Replays
Top Player Replays
Match Explorer
How It Works
Community
CoH3 Stats
Reddit
Sign in to upload your games and track your stats! →
Sign in with Steam
Match 43519234
Unlisted
Match 43519234
Overview
Messages
Build Orders
End
Panzergrenadier Squad
Selects Panzerjäger Kommand Battlegroup
Selects Blockade Equipment
Panzergrenadier Squad
Construct Light Support Kompanie
MG34 Team
Panzerjäger Squad
Selects Tank Busters
2.5-tonne Medical Truck
Fire Support Elements
le.IG 18 Mechanized Group
Construct Panzerarmee Kommand
Selects Defensive Positions
Selects Butterfly Bomb Drop
Butterfly Bomb Drop
Rapid Advance
Armored Reserves
Selects Crew Shock Tactics
Tiger Heavy Tank
Vehicle Survival Package
Butterfly Bomb Drop
Emergency Repair Kits
Advanced Optics
Flak 36 Anti-tank Gun Team
Tiger Heavy Tank
White Conscript
Аферист Федерико
S.L.1.N
Fatal1ty
Geno 21
Scooter
RayneFall
Xheal
0
0
Comments
sign in to comment!
No comments posted yet!